 Dungeon Crawl Stone Soup version 0.29-a0-360-g8ed1089bbe (webtiles) character file.

Game seed: 1077526341425716435

77 Chaicat the Cudgeller (level 4, -4/34 HPs)
             Began as a Demonspawn Gladiator on Apr 27, 2022.
             Killed by nerve-wracking pain
             ... invoked by an orc priest
              (11 damage)
             ... on level 2 of the Dungeon on Apr 28, 2022.
             The game lasted 00:07:47 (2037 turns).

Chaicat the Cudgeller (Demonspawn Gladiator)        Turns: 2037, Time: 00:07:47

Health: -4/34      AC:  6    Str: 16    XL:     4   Next: 14%
Magic:  0/4        EV: 11    Int: 10    God:
Gold:   109        SH:  0    Dex: 14    Spells: 3/3 levels left

rFire   . . .      SeeInvis .   a - +0 flail
rCold   . . .      Faith    .   (no shield)
rNeg    . . .      Spirit   +   f - +0 ring mail
rPois   .          Reflect  .   c - +0 helmet
rElec   .          Harm     .   (no cloak)
rCorr   .          Rampage  .   (no gloves)
Will    .....                   (no boots)
Stlth   +.........              g - amulet of guardian spirit
HPRegen 0.11/turn               (no ring)
MPRegen 0.09/turn               (no ring)

@: no status effects
A: claws 2
a: no special abilities


You were on level 2 of the Dungeon.
You visited 1 branch of the dungeon, and saw 2 of its levels.

You collected 109 gold pieces.

Inventory:

Hand Weapons
 a - a +0 flail (weapon)
Missiles
 d - 3 throwing nets (quivered)
 e - a javelin
Armour
 c - a +0 helmet (worn)
 f - a +0 ring mail (worn)
Jewellery
 g - an amulet of guardian spirit (around neck)
 j - the ring of Cess {Str+2 SInv}
   (You found it on level 2 of the Dungeon)

   [ring of see invisible]

   Str:       It affects your strength (+2).
   SInv:      It lets you see invisible.
Scrolls
 b - a scroll of identify
 h - 3 scrolls of enchant armour
 i - a scroll of teleportation {unknown}
 k - a scroll of brand weapon {unknown}
Potions
 l - a potion of brilliance {unknown}


   Skills:
 * Level 2.3 Fighting
 * Level 3.7 Maces & Flails
 - Level 1.8 Throwing
 + Level 0.6 Armour
 + Level 3.3 Dodging
 - Level 0.2 Stealth


You had 3 spell levels left.
You didn't know any spells.
Your spell library contained the following spells:

 Spells                   Type           Power      Damage    Failure   Level
 Apportation              Tloc           0%         N/A       58%         1
 Tukima's Dance           Hex            0%         N/A       91%         3
 Anguish                  Hex/Necr       0%         N/A       100%        4
 Alistair's Intoxication  Tmut/Pois      0%         N/A       100%        5
 Enfeeble                 Hex            0%         N/A       100%        7


Dungeon Overview and Level Annotations

Branches:
Dungeon (2/15)

Altars:

Shops:
D:1 :(=


Innate Abilities, Weirdness & Mutations

You have very sharp fingernails.


Message History

The boomerang hits you but does no damage.
The orc attacks as you move away! The orc barely misses you.
The orc priest calls down the wrath of Beogh upon you.
Beogh smites you! The orc barely misses you.
The orc priest looks satisfied for a moment.
The orc hits you with a +0 whip. The orc attacks as you move away!
The orc hits you with a +0 whip. The orc barely misses you.
You sock the orc!
You kill the orc!
The orc priest hits you but does no damage.
The orc priest calls down the wrath of Beogh upon you.
Beogh smites you!
Things that are here:
a +0 flail; a scroll labelled VUAPUI LERR You hit the orc priest.
The orc priest is moderately wounded.
The orc priest misses you.
You hit the orc priest but do no damage.
The orc priest is moderately wounded.
The orc priest looks satisfied for a moment.
You hit the orc priest.
The orc priest is severely wounded.
The orc priest hits you with a +0 hand axe.
* * * LOW HITPOINT WARNING * * *
You hit the orc priest but do no damage.
The orc priest is severely wounded.
The orc priest hits you but does no damage.
The orc priest invokes the aid of Beogh against you.
Pain shoots through your body!
* * * LOW HITPOINT WARNING * * *
You barely miss the orc priest.
The orc priest is severely wounded.
The orc priest hits you but does no damage.
You hit the orc priest.
The orc priest is almost dead.
The orc priest mumbles some strange prayers to Beogh against you.
Pain shoots through your body!
You die...

#.###.^.# #.......... #.# #...#
####+#.##.. #.# #...# #.#.###.
#.# #...# #.#.###.
###.###...#### #.#.....
.....##......##### #.......
.##..#..........o# ########
.##..#.#......o#o# ..#..#
#.#...#o#@# ..#..# #.......#.#
..#..# #.....).#.# ..#..#
#.......#.# ########## ..#..#
#.#...#.#.# #........# .....#
#.......#.# #........# ...)##
##.....##.# #........#
....##.###.⌠.###.# #........#
....##..#######..#####........#


You could see an orc priest and an orc.

Vanquished Creatures
  An orc wizard (D:2)
  An adder (D:2)
  7 orcs (D:2)
  4 bats
  3 giant cockroaches
  3 goblins (D:1)
  2 hobgoblins (D:1)
  3 jackals (D:2)
  3 ball pythons
  A frilled lizard (D:1)
  5 kobolds
  2 rats
35 creatures vanquished.

Vanquished Creatures (others)
  4 toadstools (D:1)
4 creatures vanquished.

Grand Total: 39 creatures vanquished

Notes
Turn   | Place    | Note
-------+----------+-------------------------------------------
     0 | D:1      | Chaicat the Demonspawn Gladiator began the quest for the
                  | Orb.
     0 | D:1      | Reached XP level 1. HP: 16/16 MP: 1/1
   127 | D:1      | Upgraded the game from 0.29-a0-359-g541a27f54d to
                  | 0.29-a0-360-g8ed1089bbe
   175 | D:1      | Found Uguil's Jewellery Boutique.
   222 | D:1      | Found Migerchi's Book Emporium.
   276 | D:1      | Gained mutation: You have sharp fingernails. [demonic
                  | ancestry]
   276 | D:1      | Reached XP level 2. HP: 19/22 MP: 2/2
   362 | D:1      | Found Cuutolus's Antique Weapon Emporium.
   514 | D:1      | Found a faded altar of an unknown god.
  1151 | D:2      | Reached XP level 3. HP: 8/27 MP: 3/3
  1465 | D:2      | Gained mutation: You have very sharp fingernails. [demonic
                  | ancestry]
  1465 | D:2      | Reached XP level 4. HP: 7/34 MP: 2/4
  1475 | D:2      | Identified the ring of Cess {Str+2 SInv}
  2037 | D:2      | Killed from afar by an orc priest

Illustrated notes

Levels and vault maps discovered:
D:1:      ldierk_walled_garden_2, layout_loops_ring,
          dreamdust_ecumenical_altar_hidden_monk_grotto, serial_shops,
          nicolae_shop_crystal, shop, nicolae_shop_behind_doors
D:2:      cheibrodos_pilgrimage, layout_basic, grunt_ministairs_14

Skill      XL: |  1  2 |
---------------+-------+-----
Dodging        | 3 |  3.3
Maces & Flails | 3 |  3.7
Fighting       | |  2.3
Throwing       | |  1.8
Armour         | |  0.6
Stealth        | |  0.2

Action                   |  1- 3 |  4- 6 || total
-------------------------+-------+-------++-------
Melee: Flail             |   115 |    18 ||   133
  Use: Scroll            |     1 |       ||     1
       Potion            |     1 |       ||     1
Armor: Ring mail         |    62 |     9 ||    71
       Leather armour    |     1 |       ||     1
Dodge: Dodged            |    79 |    11 ||    90

Table legend: (Time is in decaauts)
 A = Elapsed time spent in this place.
 B = Non-inter-level travel time spent in this place.
 C = Inter-level travel time spent in this place.
 D = Time resting spent in this place.
 E = Time spent auto-exploring this place.
 F = Levels seen in this place.
 G = Mean time per level.
                   A        B        C        D        E       F      G
               +--------+--------+--------+--------+--------+-----+--------+
         Total |   2070 |   2041 |     29 |    591 |    814 |   2 | 1035.0 |
       Dungeon |   2070 |   2041 |     29 |    591 |    814 |   2 | 1035.0 |
               +--------+--------+--------+--------+--------+-----+--------+

Top non-repeatable levels by time:
     D:2: 1065 daAuts
     D:1: 1005 daAuts
